 Dungeon Crawl Stone Soup version 0.29-a0-468-ge57f7f99b4 (webtiles) character file.

Game seed: 12275292085910198649

437 siradein the Grave Robber (level 6, -1/41 HPs)
             Began as a Demonspawn Necromancer on May 21, 2022.
             Slain by Pikel
             ... wielding a +0 whip of flaming
              (13 damage)
             ... on level 5 of the Dungeon.
             The game lasted 00:05:54 (4236 turns).

siradein the Grave Robber (Demonspawn Necromancer)  Turns: 4236, Time: 00:05:55

Health: -1/41      AC:  2    Str:  8    XL:     6   Next: 69%
Magic:  2/13       EV: 12    Int: 19    God:
Gold:   225        SH:  0    Dex: 13    Spells: 6/14 levels left

rFire   . . .      SeeInvis .   s - +2 short sword (flame)
rCold   . . .      Faith    .   (no shield)
rNeg    + . .      Spirit   .   a - +0 robe
rPois   .          Reflect  .   (helmet restricted)
rElec   .          Harm     .   (no cloak)
rCorr   .          Rampage  .   (no gloves)
Will    .....                   (no boots)
Stlth   ++........              t - amulet of regeneration
HPRegen 0.93/turn               k - ring of positive energy
MPRegen 0.26/turn               (no ring)

@: no status effects
A: horns 2, demonic guardian 1, magic regeneration
a: no special abilities


You were on level 5 of the Dungeon.
You visited 1 branch of the dungeon, and saw 5 of its levels.

You collected 255 gold pieces.
You spent 30 gold pieces at shops.

Inventory:

Hand Weapons
 s - a +2 short sword of flaming (weapon)
Armour
 a - a +0 robe (worn)
 e - a +0 kite shield
Jewellery
 k - a ring of positive energy (left hand)
 t - an amulet of regeneration (around neck)
Scrolls
 g - 3 scrolls of teleportation
 l - a scroll of brand weapon
 m - 2 scrolls of blinking
 r - 2 scrolls of amnesia
Potions
 b - 2 potions of magic
 c - 3 potions of heal wounds
 d - a potion of lignification
 f - a potion of brilliance {unknown}
 h - a potion of attraction {unknown}
 i - a potion of invisibility {unknown}
 j - a potion of berserk rage
 n - 2 potions of mutation {unknown}
 o - 2 potions of might {unknown}
 p - 2 potions of curing
 q - a potion of haste {unknown}


   Skills:
 + Level 0.0 Fighting
 + Level 0.0 Armour
 - Level 1.7 Dodging
 - Level 1.7 Stealth
 + Level 0.0 Shields
 + Level 4.9 Spellcasting
 + Level 7.0 Necromancy


You had 6 spell levels left.
You knew the following spells:

 Your Spells              Type           Power      Damage    Failure   Level
a - Necrotize             Necr           100%       1d9       1%          1
b - Vampiric Draining     Necr           31%        2d8       1%          3
c - Animate Dead          Necr           31%        N/A       7%          4

Your spell library contained the following spells:

 Spells                   Type           Power      Damage    Failure   Level
 Apportation              Tloc           8%         N/A       13%         1
 Summon Small Mammal      Summ           16%        N/A       13%         1
 Agony                    Necr           31%        N/A       19%         5
 Call Canine Familiar     Summ           4%         N/A       36%         3
 Summon Guardian Golem    Hex/Summ       4%         N/A       36%         3
 Alistair's Intoxication  Tmut/Pois      2%         N/A       98%         5


Dungeon Overview and Level Annotations

Branches:
Dungeon (5/15)
 Temple: D:4-7

Altars:

Shops:
D:4 !

Annotations:
D:5 Pikel


Innate Abilities, Weirdness & Mutations

You have a pair of horns on your head.
A weak demonic guardian rushes to your aid.
You regenerate magic rapidly.


Message History

Aim: Pikel, wielding a +0 whip of flaming and wearing a +0 robe (berserk)
You draw life force from Pikel!
The lemure shouts!
Pikel hits you with a +0 whip of flaming!
Pikel burns you.
Casting: Vampiric Draining (safe; 1% risk of failure)
Confirm with . or Enter, or press ? or * to list all spells.
Aiming: Vampiric Draining (safe; 1% risk of failure)
Press: ? - help, Shift-Dir - straight line, f/p - Pikel
Aim: Pikel, wielding a +0 whip of flaming and wearing a +0 robe (lightly wounded, berserk)
You draw life force from Pikel.
You feel life coursing into your body. Pikel closely misses you.
The lemure barely misses you. Pikel completely misses you.
Casting: Vampiric Draining (safe; 1% risk of failure)
Confirm with . or Enter, or press ? or * to list all spells.
Aiming: Vampiric Draining (safe; 1% risk of failure)
Press: ? - help, Shift-Dir - straight line, f/p - Pikel
Aim: Pikel, wielding a +0 whip of flaming and wearing a +0 robe (moderately wounded, berserk)
You draw life force from Pikel.
You feel life coursing into your body. Pikel closely misses you.
The lemure hits you but does no damage.
Unknown command.
Casting: Vampiric Draining (safe; 1% risk of failure)
Confirm with . or Enter, or press ? or * to list all spells.
Aiming: Vampiric Draining (safe; 1% risk of failure)
Press: ? - help, Shift-Dir - straight line, f/p - Pikel
Aim: Pikel, wielding a +0 whip of flaming and wearing a +0 robe (moderately wounded, berserk)
You draw life force from Pikel!
You feel life coursing into your body.
Pikel hits you with a +0 whip of flaming!
A demonic guardian appears!
Pikel burns you.
Pikel hits you with a +0 whip of flaming!
* * * LOW HITPOINT WARNING * * *
Pikel burns you.
* * * LOW HITPOINT WARNING * * *
Casting: Vampiric Draining (safe; 1% risk of failure)
Confirm with . or Enter, or press ? or * to list all spells.
You don't have enough magic to cast this spell.
Unknown command.
Unknown command.
Pikel hits you with a +0 whip of flaming!
You die...

... ..# #.# . #.#
#.# #.##########
#...###..........#
#..............#
#5.55.......#
###5.K@.......#
#....$.......<..#
..####..........#
#...)......#
#..........#
#####.###### #.#
#.# #.#


You could see Pikel (berserk, ally target), 3 lemures and a friendly iron imp
(summoned).

Vanquished Creatures
  Sigmund (D:3)
  A lemure (D:5)
  4 hounds (D:4)
  5 adders
  3 gnolls
  3 dart slugs
  2 orcs
  8 endoplasms
  7 giant cockroaches
  10 goblins
  4 hobgoblins
  8 kobolds
  7 quokkas
  8 ball pythons
  4 bats
  2 frilled lizards (D:1)
  7 rats
84 creatures vanquished.

Vanquished Creatures (collateral kills)
  An adder (D:4)
  A worm (D:4)
  A ball python (D:4)
  2 hobgoblins
  A rat (D:2)
6 creatures vanquished.

Grand Total: 90 creatures vanquished

Notes
Turn   | Place    | Note
-------+----------+-------------------------------------------
     0 | D:1      | siradein the Demonspawn Necromancer began the quest for the
                  | Orb.
     0 | D:1      | Reached XP level 1. HP: 13/13 MP: 3/3
   251 | D:1      | Gained mutation: You have a pair of small horns on your
                  | head. [demonic ancestry]
   251 | D:1      | Reached XP level 2. HP: 19/19 MP: 1/5
  1004 | D:2      | Reached skill level 5 in Necromancy
  1004 | D:2      | Reached XP level 3. HP: 18/24 MP: 5/7
  1084 | D:2      | Learned a level 3 spell: Vampiric Draining
  1545 | D:2      | Found a faded altar of an unknown god.
  1980 | D:2      | Gained mutation: A weak demonic guardian rushes to your
                  | aid. [demonic ancestry]
  1980 | D:2      | Reached XP level 4. HP: 30/30 MP: 5/8
  2146 | D:2      | Learned a level 4 spell: Animate Dead
  2829 | D:3      | Noticed Sigmund
  2839 | D:3      | Killed Sigmund
  2840 | D:3      | Reached skill level 6 in Necromancy
  2840 | D:3      | Gained mutation: You have a pair of horns on your head.
                  | [demonic ancestry]
  2840 | D:3      | Reached XP level 5. HP: 21/35 MP: 0/11
  3005 | D:3      | Gained mutation: You regenerate magic rapidly. [demonic
                  | ancestry]
  3005 | D:3      | Reached XP level 6. HP: 36/41 MP: 9/12
  3698 | D:4      | Reached skill level 7 in Necromancy
  3852 | D:4      | Found Duolloih's Distillery.
  3860 | D:4      | Bought a potion of curing for 30 gold pieces
  4184 | D:5      | Entered Level 5 of the Dungeon
  4227 | D:5      | Noticed Pikel
  4236 | D:5      | Slain by Pikel

Illustrated notes

Levels and vault maps discovered:
D:1:      evilmike_arrival_plus, layout_basic
D:2:      layout_basic, ebering_ecumenical_altar_ruins, hex_tiny,
          minmay_bisected
D:3:      layout_basic, uniq_sigmund
D:4:      minmay_angry_zag, layout_loops_ring, serial_shops, shop
D:5:      layout_rooms, eino_curves_04, nicolae_take_the_stairs, uniq_pikel

Skill      XL: |  1  2  3  4  5  6 |
---------------+-------------------+-----
Necromancy     | 5 6 7 |  7.0
Spellcasting   | 3 4 |  4.9
Dodging        | |  1.7
Stealth        | |  1.7

Action                   |  1- 3 |  4- 6 || total
-------------------------+-------+-------++-------
Melee: Unarmed           |    14 |       ||    14
       Rapier            |    45 |    38 ||    83
       Headbutt          |     7 |     8 ||    15
       Short sword       |       |    13 ||    13
 Cast: Necrotize         |    65 |    46 ||   111
       Vampiric Draining |       |    14 ||    14
  Use: Scroll            |       |     6 ||     6
 Stab: Sleeping          |     4 |       ||     4
       Distracted        |     1 |       ||     1
Armor: Robe              |    25 |    11 ||    36
Dodge: Dodged            |    61 |    51 ||   112

Table legend: (Time is in decaauts)
 A = Elapsed time spent in this place.
 B = Non-inter-level travel time spent in this place.
 C = Inter-level travel time spent in this place.
 D = Time resting spent in this place.
 E = Time spent auto-exploring this place.
 F = Levels seen in this place.
 G = Mean time per level.
                   A        B        C        D        E       F      G
               +--------+--------+--------+--------+--------+-----+--------+
         Total |   4252 |   4154 |     98 |    199 |   3335 |   5 |  850.4 |
       Dungeon |   4252 |   4154 |     98 |    199 |   3335 |   5 |  850.4 |
               +--------+--------+--------+--------+--------+-----+--------+

Top non-repeatable levels by time:
     D:2: 1398 daAuts
     D:3: 1022 daAuts
     D:1: 962 daAuts
     D:4: 817 daAuts
     D:5: 52 daAuts
